cohdb
Replays
Latest Replays
All Replays
Popular Replays
Top Player Replays
Match Explorer
How It Works
Community
CoH3 Stats
Reddit
Sign in to upload your games and track your stats! →
Sign in with Steam
Match 42476554
Unlisted
Match 42476554
Overview
Messages
Build Orders
End
Kettenkrad Recon Vehicle
Construct Infanterie Kompanie
MG 42 Machine Gun Team
Grenadier Squad
Selects Terror Battlegroup
Selects Machine Gun Camouflage
Grenadier Squad
Construct Luftwaffe Kompanie
Jäger Squad
ValiantHawk
【嗜血狼族】灵狐魅儿
.
Cat
Hannibal
七彩斑斓的牛头人战士
Mad
2PeriodBlood7
0
0
Comments
sign in to comment!
No comments posted yet!